[Event "Titled Tuesday Blitz November 2 2021"]
[White "Narayanan.S.L"]
[Black "Meduri, Aakaash"]
[WhiteFideId "5058422"]
[BlackFideId "2032252"]
[WhiteElo "2570"]
[BlackElo "2047"]
[Result "1-0"]
[Round "01"]
[TimeControl "180+1"]
[Date "2021.11.02"]
[WhiteClock "0:02:16"]
[BlackClock "0:01:13"]

1. b3 d6 2. Bb2 e5 3. d4 Nc6 4. dxe5 Nxe5 5. Nf3 Nxf3+ 6. gxf3 Nf6 7. Nc3 Be7 8. Rg1 O-O 9. Nd5 c6 10. Nxe7+ Qxe7 11. Qd4 Kh8 12. O-O-O Rd8 13. e3 Bf5 14. Bd3 Bg6 15. f4 Rd7 16. f5 Bh5 17. Rde1 Rg8 18. Qh4 Bf3 19. Rg3 Be4 20. Reg1 Bxd3 21. Bxf6 Qe4 22. Qxh7+ Kxh7 23. Rh3+ Qh4 24. Rxh4# 1-0


[Site "https://www.chess.com"]

[Event "Titled Tuesday Blitz November 2 2021"]
[White "Nesterov, Arseniy"]
[Black "Petukhov, Dmitry"]
[WhiteFideId "24198455"]
[BlackFideId "4142748"]
[WhiteElo "2494"]
[BlackElo "2356"]
[Result "1-0"]
[Round "01"]
[TimeControl "180+1"]
[Date "2021.11.02"]
[WhiteClock "0:02:33"]
[BlackClock "0:01:59"]

1. d4 Nf6 2. c4 g6 3. Nc3 d5 4. cxd5 Nxd5 5. e4 Nxc3 6. bxc3 Bg7 7. Qa4+ Qd7 8. Bb5 c6 9. Be2 O-O 10. Qa3 b6 11. Nf3 Bb7 12. O-O c5 13. d5 e6 14. Be3 exd5 15. Rad1 Qe6 16. exd5 Bxd5 17. Ng5 Qe5 18. Rxd5 Qxd5 19. Bf3 Qc4 20. Bxa8 Qxc3 21. Qxa7 1-0


[Site "https://www.chess.com"]

[Event "Titled Tuesday Blitz November 2 2021"]
[White "Ozates, Tuna"]
[Black "Siva Mahadevan"]
[WhiteFideId "6354521"]
[BlackFideId "25043153"]
[WhiteElo "1872"]
[BlackElo "2203"]
[Result "0-1"]
[Round "01"]
[TimeControl "180+1"]
[Date "2021.11.02"]
[WhiteClock "0:01:30"]
[BlackClock "0:00:54"]

1. e4 c5 2. Nf3 Nc6 3. Bb5 Na5 4. O-O a6 5. Be2 b5 6. c3 Bb7 7. d3 e6 8. a3 Nf6 9. Bg5 c4 10. e5 h6 11. Bxf6 gxf6 12. d4 Rg8 13. Nbd2 fxe5 14. dxe5 Nc6 15. Ne4 Nxe5 16. Nxe5 Bxe4 17. Bf3 d5 18. Bxe4 dxe4 19. Qh5 Qf6 20. f4 O-O-O 21. Rae1 Rd2 22. g3 Qf5 23. Qh4 f6 24. Nc6 Bc5+ 25. Kh1 e3 26. Rxe3 Qd5+ 27. Ref3 Qxc6 28. Qxf6 Rgd8 29. f5 Rxb2 30. fxe6 Rdd2 31. Qh8+ Kb7 32. Qxh6 Qxf3+ 0-1


[Site "https://www.chess.com"]

[Event "Titled Tuesday Blitz November 2 2021"]
[White "Plotnikov, Pavel"]
[Black "Timofeev, Artyom"]
[WhiteFideId "4170342"]
[BlackFideId "4140419"]
[WhiteElo "2298"]
[BlackElo "2591"]
[Result "0-1"]
[Round "01"]
[TimeControl "180+1"]
[Date "2021.11.02"]
[WhiteClock "0:00:16"]
[BlackClock "0:00:17"]

1. e4 d6 2. d4 Nf6 3. Nc3 g6 4. Nge2 Bg7 5. h3 b6 6. Be3 Bb7 7. f3 c5 8. Qd2 Nbd7 9. g4 a6 10. a4 cxd4 11. Bxd4 O-O 12. Bg2 Rc8 13. h4 Ne5 14. b3 Nc6 15. Be3 d5 16. g5 d4 17. Nxd4 Nxd4 18. Bxd4 Nxe4 19. Nxe4 Qxd4 20. Rd1 Qxd2+ 21. Kxd2 Bb2 22. c4 b5 23. Rb1 Rfd8+ 24. Ke2 Bd4 25. Rhd1 bxc4 26. bxc4 Bxe4 27. fxe4 Rxc4 28. a5 Ra4 29. Rd2 Rxa5 30. Rb7 Kf8 31. Kf3 Ra3+ 32. Kg4 Rd6 33. Rb8+ Kg7 34. h5 gxh5+ 35. Kxh5 Be5 36. Rf2 h6 37. Bf1 hxg5 38. Bc4 Rh6+ 39. Kg4 Rg3+ 40. Kf5 Rf6+ 41. Kxe5 Rxf2 42. Rb7 Rc3 43. Bd5 g4 44. Rb1 g3 45. Rg1 g2 46. Kd4 Rg3 47. Bc4 a5 48. Ke5 Rh3 49. Ra1 Rh1 50. Rxa5 g1=Q 51. Ra7 Qg3+ 52. Kd4 Qd6+ 53. Ke3 Qb6+ 54. Kd3 Qxa7 55. Bd5 Qa3+ 56. Kc4 Rc1+ 57. Kb5 Rb2+ 58. Bb3 Rxb3# 0-1


[Site "https://www.chess.com"]

[Event "Titled Tuesday Blitz November 2 2021"]
[White "Ronka, Erik"]
[Black "Naroditsky, Daniel"]
[WhiteFideId "505080"]
[BlackFideId "2026961"]
[WhiteElo "2264"]
[BlackElo "2608"]
[Result "0-1"]
[Round "01"]
[TimeControl "180+1"]
[Date "2021.11.02"]
[WhiteClock "0:00:03"]
[BlackClock "0:00:17"]

1. d4 Nf6 2. Nf3 g6 3. g3 Bg7 4. Bg2 O-O 5. O-O d6 6. b3 c5 7. Bb2 cxd4 8. Nxd4 d5 9. c4 dxc4 10. bxc4 Nc6 11. e3 Qc7 12. Nd2 Rd8 13. Qc2 Bd7 14. Rab1 Rac8 15. Rfc1 Nxd4 16. Bxd4 Bf5 17. Ne4 b6 18. Nxf6+ Bxf6 19. Be4 Bxd4 20. exd4 Rxd4 21. Bxf5 gxf5 22. Qxf5 Qc5 23. Qf3 Rxc4 24. Rxc4 Qxc4 25. Rd1 Qe6 26. h4 Kg7 27. Rd4 Rc1+ 28. Kh2 f6 29. Rg4+ Kf7 30. Rf4 Qc6 31. Qh5+ Kf8 32. Qh6+ Ke8 33. Qh5+ Kd8 34. Rd4+ Kc7 35. Kh3 Rh1+ 36. Kg4 Qe6+ 37. Kf3 Qc6+ 38. Kg4 Qc5 39. Rf4 Qc2 40. Qf7 Qg6+ 41. Qxg6 hxg6 42. Re4 f5+ 0-1


[Site "https://www.chess.com"]

[Event "Titled Tuesday Blitz November 2 2021"]
[White "Sagripanti, Michele"]
[Black "Yeletsky, Ivan"]
[WhiteFideId "847895"]
[BlackFideId "24180327"]
[WhiteElo "2195"]
[BlackElo "2352"]
[Result "0-1"]
[Round "01"]
[TimeControl "180+1"]
[Date "2021.11.02"]
[WhiteClock "0:01:03"]
[BlackClock "0:01:54"]

1. e4 Nf6 2. e5 Nd5 3. c4 Nb6 4. c5 Nd5 5. Nc3 e6 6. Nxd5 exd5 7. d4 d6 8. cxd6 cxd6 9. Nf3 Nc6 10. Be2 dxe5 11. dxe5 Bc5 12. O-O O-O 13. a3 a5 14. Qd3 h6 15. Bf4 b6 16. Bd1 Ba6 17. Qf5 Ne7 18. Qg4 Bxf1 19. Kxf1 Ng6 20. Bg3 Qc8 21. Qh5 Be7 22. Bb3 Qd7 23. Rd1 Qb5+ 24. Kg1 Qxb3 25. Nd4 Qxb2 26. e6 Bf6 27. exf7+ Rxf7 28. Nf5 Kh7 29. Nh4 Bxh4 30. Bxh4 Qe5 31. Qxe5 Nxe5 32. Rxd5 Nc4 0-1


[Site "https://www.chess.com"]

[Event "Titled Tuesday Blitz November 2 2021"]
[White "Sanal, Vahap"]
[Black "Adewumi, Tanitoluwa"]
[WhiteFideId "6300545"]
[BlackFideId "30966396"]
[WhiteElo "2492"]
[BlackElo "2473"]
[Result "1-0"]
[Round "01"]
[TimeControl "180+1"]
[Date "2021.11.02"]
[WhiteClock "0:01:48"]
[BlackClock "0:00:47"]

1. e4 e5 2. Nf3 Nc6 3. Bb5 Nf6 4. O-O Nxe4 5. Re1 Nd6 6. Nxe5 Nxe5 7. Rxe5+ Be7 8. Bf1 O-O 9. d4 Bf6 10. Bd3 Re8 11. Bf4 c6 12. Nc3 Bxe5 13. dxe5 Nb5 14. Ne4 d5 15. Nf6+ gxf6 16. Qh5 fxe5 17. Qxh7+ Kf8 18. Bh6+ Ke7 19. Bg5+ Ke6 20. Bxd8 Rxd8 21. Qf5+ Ke7 22. Qxe5+ Be6 23. Re1 Re8 24. Bxb5 cxb5 25. f4 Kd7 1-0


[Site "https://www.chess.com"]

[Event "Titled Tuesday Blitz November 2 2021"]
[White "Shuvalov, Evgenij"]
[Black "Le, Tuan Minh"]
[WhiteFideId "4187237"]
[BlackFideId "12401153"]
[WhiteElo "2129"]
[BlackElo "2450"]
[Result "0-1"]
[Round "01"]
[TimeControl "180+1"]
[Date "2021.11.02"]
[WhiteClock "0:00:22"]
[BlackClock "0:00:12"]

1. Nf3 d5 2. c4 c6 3. g3 Nf6 4. Bg2 Bg4 5. Ne5 Be6 6. cxd5 Bxd5 7. Nf3 c5 8. Nc3 Bc6 9. O-O e6 10. d3 Be7 11. e4 O-O 12. h3 b6 13. Be3 Bb7 14. Qe2 Nc6 15. Rad1 Nd4 16. Bxd4 cxd4 17. Nb1 Rc8 18. Rc1 Rc5 19. Nbd2 Nd7 20. Nxd4 Ne5 21. N2b3 Rxc1 22. Rxc1 Ba6 23. Rd1 Qd7 24. Bf1 Rd8 25. Qe3 Qa4 26. Ra1 Rxd4 27. Nxd4 Bc5 28. Qg5 Qxd4 29. Qf4 h6 30. h4 Ng4 31. Be2 Qxf2+ 32. Qxf2 Nxf2 33. Kg2 Nxd3 34. Rd1 Nf4+ 35. gxf4 Bxe2 36. Rd8+ Bf8 37. Ra8 a6 38. a4 Bd3 39. Kf3 f5 40. exf5 exf5 41. Ke3 Bf1 42. Rb8 Kf7 43. Rb7+ Be7 44. h5 Ke8 45. Kd4 Bc5+ 46. Ke5 Be2 47. Ke6 Kd8 48. Rxg7 Bxh5 49. Kxf5 Bd1 50. Rh7 Bc2+ 51. Ke6 Bxh7 52. f5 Bg8+ 53. Kf6 h5 54. Kg5 Ke7 55. Kxh5 Kf6 56. Kg4 Bb3 57. Kf4 Bxa4 58. Ke4 Bb3 59. Kf4 a5 60. Ke4 a4 61. Kf4 Bd6+ 62. Ke4 Be5 0-1


[Site "https://www.chess.com"]

[Event "Titled Tuesday Blitz November 2 2021"]
[White "Stevens, Christian"]
[Black "Bluebaum, Matthias"]
[WhiteFideId "2604450"]
[BlackFideId "24651516"]
[WhiteElo "2464"]
[BlackElo "2681"]
[Result "0-1"]
[Round "01"]
[TimeControl "180+1"]
[Date "2021.11.02"]
[WhiteClock "0:00:00"]
[BlackClock "0:01:23"]

1. e4 e6 2. d4 d5 3. Nc3 Nf6 4. e5 Nfd7 5. f4 c5 6. Nf3 Nc6 7. Be3 a6 8. Qd2 b5 9. Be2 Be7 10. O-O O-O 11. Kh1 Bb7 12. Nd1 b4 13. Nf2 a5 14. c3 bxc3 15. bxc3 Nb6 16. dxc5 Nc4 17. Bxc4 dxc4 18. Qxd8 Rfxd8 19. Nd4 Na7 20. Rab1 Bd5 21. Nb5 Nxb5 22. Rxb5 Bc6 23. Rb6 Rac8 24. Bd4 h6 25. Ng4 Be4 26. Rb5 a4 27. Ne3 Bd3 28. Rc1 Rb8 29. Ra5 Ra8 30. Rxa8 Rxa8 31. Nc2 Bxc2 32. Rxc2 Rb8 33. g3 a3 34. c6 Rc8 35. Rc1 Rxc6 36. Rb1 Rc7 37. Kg2 g5 38. Kf3 Kg7 39. Ke4 Kg6 40. Rb8 gxf4 41. gxf4 Kh5 42. f5 Bg5 43. fxe6 fxe6 44. Re8 Rc6 45. Ra8 Kg4 46. Rxa3 Kh3 47. Ra8 Kxh2 48. a4 h5 49. a5 Be7 50. a6 Bc5 51. a7 Bxd4 52. Kxd4 Rc7 53. Rh8 Rxa7 54. Rxh5+ Kg3 55. Kxc4 Kg4 56. Rh6 Kf5 57. Rh5+ Ke4 58. Kc5 Rd7 59. Kc6 Rd8 60. c4 Kd4 0-1


[Site "https://www.chess.com"]

[Event "Titled Tuesday Blitz November 2 2021"]
[White "Sviridov, Valery"]
[Black "Maksimenko, Viktor"]
[WhiteFideId "4120680"]
[BlackFideId "13710478"]
[WhiteElo "2454"]
[BlackElo "2269"]
[Result "1-0"]
[Round "01"]
[TimeControl "180+1"]
[Date "2021.11.02"]
[WhiteClock "0:01:12"]
[BlackClock "0:00:11"]

1. Nf3 d5 2. g3 Nd7 3. d4 Nb6 4. Bg2 Nf6 5. b3 Bf5 6. Bb2 h6 7. Nbd2 e6 8. O-O c6 9. c4 Be7 10. Rc1 O-O 11. e3 Nbd7 12. Qe2 Re8 13. Rfd1 Bf8 14. Ne5 Bh7 15. e4 a5 16. a3 dxe4 17. Nxe4 Nxe4 18. Bxe4 Bxe4 19. Qxe4 a4 20. b4 Qc7 21. Nf3 Nf6 22. Qe2 Bd6 23. Kg2 Qd7 24. Ne5 Qe7 25. Re1 Red8 26. Rcd1 Qe8 27. Ng4 Nxg4 28. Qxg4 Bf8 29. Qf3 Qd7 30. h4 b5 31. d5 cxd5 32. cxd5 exd5 33. Re5 Qc6 34. Rexd5 Rxd5 35. Rxd5 Rc8 36. h5 Qc2 37. Bd4 Qb3 38. Rxb5 Rc1 39. Be3 Ra1 40. Rb8 Qc4 41. Bc5 Qf1+ 42. Kh2 Qg1+ 43. Kh3 Qf1+ 44. Qg2 1-0


[Site "https://www.chess.com"]

[Event "Titled Tuesday Blitz November 2 2021"]
[White "Tsydypov, Zhamsaran"]
[Black "Reprintsev, Alexander"]
[WhiteFideId "4108566"]
[BlackFideId "14100541"]
[WhiteElo "2649"]
[BlackElo "2126"]
[Result "1-0"]
[Round "01"]
[TimeControl "180+1"]
[Date "2021.11.02"]
[WhiteClock "0:00:18"]
[BlackClock "0:00:04"]

1. c4 e5 2. Nc3 Nc6 3. Nf3 Bb4 4. Qc2 d6 5. e3 Be6 6. a3 Bxc3 7. Qxc3 Nge7 8. Be2 Qd7 9. O-O e4 10. Ng5 d5 11. cxd5 Qxd5 12. Qxg7 Rg8 13. Nxe6 Qxe6 14. Qxh7 O-O-O 15. f3 f5 16. fxe4 Rh8 17. Qg7 Rdg8 18. Qc3 Qd6 19. Rf4 Ng6 20. e5 Nxf4 21. exf4 Qd4+ 22. Qxd4 Nxd4 23. Bd1 Rh3 24. b4 Rd3 25. Rb1 b5 26. Kf2 a6 27. a4 c6 28. Ra1 Kb7 29. Ra3 Rxa3 30. Bxa3 Ne6 31. Bb3 Re8 32. g3 bxa4 33. Bxa4 Rh8 34. h4 Nd4 35. Bb2 Nb5 36. Bc2 Rf8 37. e6 Kc7 38. Be5+ Kd8 39. h5 Ke7 40. h6 Rd8 41. h7 Rxd2+ 42. Ke3 Rh2 43. Bxf5 Nd6 44. Bd3 c5 45. bxc5 Ne8 46. h8=Q 1-0


[Site "https://www.chess.com"]

[Event "Titled Tuesday Blitz November 2 2021"]
[White "Urazayev, Arystanbek"]
[Black "Tania, Sachdev"]
[WhiteFideId "13709810"]
[BlackFideId "5007844"]
[WhiteElo "2321"]
[BlackElo "2280"]
[Result "1-0"]
[Round "01"]
[TimeControl "180+1"]
[Date "2021.11.02"]
[WhiteClock "0:02:28"]
[BlackClock "0:01:34"]

1. e4 e5 2. Nf3 Nc6 3. Bb5 a6 4. Ba4 Nf6 5. d3 d6 6. c4 g6 7. Nc3 Bg7 8. Nd5 Bd7 9. O-O Nxd5 10. cxd5 Ne7 11. Bg5 f6 12. Bxd7+ Qxd7 13. Be3 O-O 14. Rc1 c6 15. dxc6 bxc6 16. Qa4 Qe6 17. Rc2 d5 18. Bc5 Rfc8 19. Bxe7 Qxe7 20. Rxc6 dxe4 21. Qc4+ 1-0


[Site "https://www.chess.com"]

[Event "Titled Tuesday Blitz November 2 2021"]
[White "Visakh N R"]
[Black "Zia, Tahsin Tajwar"]
[WhiteFideId "25012223"]
[BlackFideId "10211888"]
[WhiteElo "2454"]
[BlackElo "1800"]
[Result "1-0"]
[Round "01"]
[TimeControl "180+1"]
[Date "2021.11.02"]
[WhiteClock "0:00:35"]
[BlackClock "0:00:02"]

1. c4 Nf6 2. g3 e6 3. Bg2 d5 4. Nf3 Be7 5. O-O O-O 6. b3 b6 7. Bb2 Bb7 8. Nc3 d4 9. Nb5 c5 10. e3 a6 11. Na3 Qd7 12. exd4 cxd4 13. Nc2 d3 14. Nce1 Nc6 15. Ne5 Nxe5 16. Bxb7 Qxb7 17. Bxe5 Rfd8 18. Qf3 Qd7 19. Rc1 Ba3 20. Rc3 Ne8 21. Nxd3 f6 22. b4 Qa4 23. Nf4 Bxb4 24. Nxe6 Bxc3 25. Bxc3 Rdc8 26. d3 Qc6 27. Qg4 Ra7 28. Nf4 Re7 29. Nd5 Rd7 30. Bb4 Kh8 31. Re1 a5 32. Re6 Qa8 33. Nxb6 Qb7 34. Nxd7 Qxb4 35. Qe4 Qb1+ 36. Kg2 Nc7 37. Rc6 Qb7 38. Nc5 Qa8 39. Qf3 Re8 40. Rxc7 1-0


[Site "https://www.chess.com"]

[Event "Titled Tuesday Blitz November 2 2021"]
[White "Zhalmakhanov, Ramazan"]
[Black "Eynullayev, Atilla"]
[WhiteFideId "13706357"]
[BlackFideId "13413570"]
[WhiteElo "2531"]
[BlackElo "1997"]
[Result "1-0"]
[Round "01"]
[TimeControl "180+1"]
[Date "2021.11.02"]
[WhiteClock "0:00:11"]
[BlackClock "0:00:04"]

1. e4 e5 2. Nf3 Nc6 3. Bc4 Nf6 4. d3 h6 5. c3 g5 6. d4 exd4 7. e5 Nh7 8. O-O Bg7 9. cxd4 O-O 10. Nc3 d6 11. exd6 Qxd6 12. d5 Ne7 13. Re1 Bf5 14. Be3 a6 15. Bd4 Bxd4 16. Qxd4 Bg6 17. Ne5 Nc6 18. Nxc6 bxc6 19. Rad1 Rad8 20. Qa7 Qb4 21. Bb3 cxd5 22. Nxd5 Qa5 23. Qd4 Rde8 24. Ne7+ Rxe7 25. Rxe7 Qf5 26. Re5 Qf6 27. Rd5 Qc6 28. Rd8 Rxd8 29. Qxd8+ Nf8 30. Qd4 Kh7 31. h4 gxh4 32. Qxh4 Ne6 33. Qf6 Qe4 34. Bxe6 Qe5 35. Qxe5 1-0


[Site "https://www.chess.com"]

[Event "Titled Tuesday Blitz November 2 2021"]
[White "Zhukov, Maksim"]
[Black "Zhigalko, Sergei"]
[WhiteFideId "34181790"]
[BlackFideId "13502956"]
[WhiteElo "1978"]
[BlackElo "2662"]
[Result "0-1"]
[Round "01"]
[TimeControl "180+1"]
[Date "2021.11.02"]
[WhiteClock "0:00:09"]
[BlackClock "0:00:24"]

1. b3 e5 2. Bb2 d6 3. g3 Nf6 4. Bg2 Be7 5. e3 O-O 6. Ne2 c6 7. O-O Re8 8. c4 Bf8 9. Nbc3 d5 10. Rc1 Bg4 11. d3 Qd7 12. Qd2 Na6 13. f4 dxc4 14. bxc4 e4 15. d4 Nb4 16. a3 Nd3 17. Nxe4 Nxe4 18. Qxd3 Nc5 19. Qc2 Rxe3 20. dxc5 Rxe2 21. Qc3 Rd8 22. Rfe1 Bxc5+ 23. Kh1 Bf8 24. Rxe2 Bxe2 25. Re1 Qd2 26. Qxd2 Rxd2 0-1


[Site "https://www.chess.com"]

[Event "Titled Tuesday Blitz November 2 2021"]
[White "Zierk, Steven"]
[Black "Claridge-Hansen, William"]
[WhiteFideId "2034255"]
[BlackFideId "422509"]
[WhiteElo "2494"]
[BlackElo "2261"]
[Result "1-0"]
[Round "01"]
[TimeControl "180+1"]
[Date "2021.11.02"]
[WhiteClock "0:01:18"]
[BlackClock "0:00:15"]

1. e4 c5 2. Nf3 e6 3. d4 cxd4 4. Nxd4 Nf6 5. Nc3 Nc6 6. Ndb5 Bc5 7. Bf4 O-O 8. Bc7 Qe7 9. Bd6 Bxd6 10. Qxd6 Qd8 11. O-O-O a6 12. Nd4 Ne7 13. Bd3 b5 14. h4 Ne8 15. Qg3 b4 16. Nce2 Bb7 17. h5 h6 18. e5 Qa5 19. Kb1 Bd5 20. Nb3 Qb6 21. Nf4 a5 22. Qe3 Qxe3 23. fxe3 d6 24. Nxd5 Nxd5 25. Be4 dxe5 26. Bxd5 exd5 27. Rxd5 Nf6 28. Rxa5 Rxa5 29. Nxa5 Rd8 30. Nc6 Rd2 31. Nxb4 Rxg2 32. a4 Rg4 33. c3 Rc4 34. a5 Rc5 35. a6 Ra5 36. b3 e4 37. Kb2 Nd7 38. Rd1 Nc5 39. Ra1 Rxa1 40. Kxa1 Nxa6 41. Nxa6 g5 42. Nc5 f5 43. Kb2 g4 44. Ne6 Kf7 45. Nf4 1-0


[Site "https://www.chess.com"]

[Event "Titled Tuesday Blitz November 2 2021"]
[White "Zubov, Alexander"]
[Black "Khabinets, Ivan"]
[WhiteFideId "14109409"]
[BlackFideId "14115980"]
[WhiteElo "2685"]
[BlackElo "2114"]
[Result "1-0"]
[Round "01"]
[TimeControl "180+1"]
[Date "2021.11.02"]
[WhiteClock "0:01:39"]
[BlackClock "0:01:41"]

1. d4 Nf6 2. c4 e6 3. Nf3 d5 4. Nc3 a6 5. cxd5 exd5 6. Bf4 Bd6 7. Bg3 O-O 8. e3 Be6 9. Bd3 c6 10. Qc2 h6 11. Ne5 Nh5 12. f4 Qc7 13. O-O Nxg3 14. hxg3 Nd7 15. f5 Bxe5 16. fxe6 Bxg3 17. exd7 Bh2+ 18. Kh1 Qg3 19. Rf3 Qg5 20. Kxh2 1-0


[Site "https://www.chess.com"]

[Event "Titled Tuesday Blitz November 2 2021"]
[White "Alavkin, Arseny"]
[Black "Urazayev, Arystanbek"]
[WhiteFideId "4120612"]
[BlackFideId "13709810"]
[WhiteElo "2391"]
[BlackElo "2321"]
[Result "0-1"]
[Round "02"]
[TimeControl "180+1"]
[Date "2021.11.02"]
[WhiteClock "0:00:44"]
[BlackClock "0:00:08"]

1. c4 e6 2. Nc3 d5 3. d4 Nf6 4. cxd5 exd5 5. Bg5 c6 6. e3 Bd6 7. Bd3 O-O 8. Qc2 h6 9. Bh4 Re8 10. Nf3 Be6 11. O-O Nbd7 12. Rab1 Qc7 13. b4 Bg4 14. Bg3 Bxg3 15. hxg3 a6 16. a4 Qd6 17. Rfc1 b5 18. a5 Rac8 19. Nd2 h5 20. Ne2 Bxe2 21. Bxe2 g6 22. Bf3 Kg7 23. Qc3 Rh8 24. Nb3 h4 25. gxh4 Rxh4 26. g3 Rh3 27. Kg2 Rch8 28. Rh1 Rxh1 29. Rxh1 Rc8 30. Rh4 Qe6 31. Nc5 Nxc5 32. dxc5 Re8 33. Qd4 g5 34. Rh1 g4 35. Be2 Qe4+ 36. Qxe4 Rxe4 37. Rb1 Re8 38. Bd3 Nd7 39. Rh1 Ne5 40. Bb1 Ng6 41. Rh5 Kf6 42. Rf5+ Ke6 43. Rh5 Ne5 44. Rh6+ Ke7 45. Bf5 Rg8 46. Kf1 Rg5 47. Bc8 Rg8 48. Bxa6 Rb8 49. Rd6 f6 50. Ke2 Kf7 51. Kd1 Ke7 52. Kc2 Kf7 53. Kc3 Ke7 54. e4 dxe4 55. Kd4 Rd8 56. Rxd8 Kxd8 57. Bb7 Kc7 58. a6 Nd3 59. Kxe4 Nxb4 60. Kf4 Nd3+ 61. Kxg4 b4 62. Kf5 b3 63. Bxc6 Kxc6 64. a7 Kb7 65. Ke6 Nxc5+ 66. Kd5 Kxa7 67. Kc4 b2 0-1


[Site "https://www.chess.com"]

[Event "Titled Tuesday Blitz November 2 2021"]
[White "Aldokhin, Ivan"]
[Black "Sviridov, Valery"]
[WhiteFideId "24115720"]
[BlackFideId "4120680"]
[WhiteElo "2231"]
[BlackElo "2454"]
[Result "0-1"]
[Round "02"]
[TimeControl "180+1"]
[Date "2021.11.02"]
[WhiteClock "0:00:06"]
[BlackClock "0:00:23"]

1. e4 Nf6 2. e5 Nd5 3. Nc3 e6 4. d4 d6 5. Nxd5 exd5 6. Bf4 dxe5 7. dxe5 c5 8. c4 d4 9. Bd3 Nc6 10. h3 Qa5+ 11. Bd2 Qb6 12. f4 Qxb2 13. Nf3 Qa3 14. Be4 Be7 15. O-O g6 16. Rb1 Qa6 17. Bd5 Be6 18. Qb3 O-O-O 19. Bxe6+ fxe6 20. Qd3 Rhf8 21. Rb5 b6 22. Ra1 Qb7 23. a4 a5 24. Rab1 Nb4 25. Bxb4 cxb4 26. g3 g5 27. Nd2 gxf4 28. g4 f3 29. Ne4 Rf4 30. Nd6+ Bxd6 31. exd6 f2+ 32. Kh2 Qc6 33. c5 bxc5 34. Rc1 Rf3 35. Rbxc5 Rxd3 36. Rxc6+ Kd7 37. Ra6 Rc3 38. Rf1 Rf8 39. Kg2 e5 40. Rxf2 Rxf2+ 41. Kxf2 e4 42. Ke2 Rc2+ 43. Kd1 b3 44. Rb6 Rc3 45. h4 e3 46. Ke2 Rc2+ 47. Kd3 Rd2+ 48. Kc4 e2 49. Kd5 e1=Q 50. Rb7+ Kc8 51. Rc7+ Kd8 52. Kc6 Qh1+ 53. Kb6 Qh2 54. Kc6 Rc2+ 55. Kb7 Rxc7+ 56. dxc7+ Qxc7+ 57. Ka8 b2 0-1


[Site "https://www.chess.com"]

[Event "Titled Tuesday Blitz November 2 2021"]
[White "Ambartsumova, Karina"]
[Black "Jobava, Baadur"]
[WhiteFideId "4166299"]
[BlackFideId "13601520"]
[WhiteElo "2262"]
[BlackElo "2731"]
[Result "0-1"]
[Round "02"]
[TimeControl "180+1"]
[Date "2021.11.02"]
[WhiteClock "0:00:03"]
[BlackClock "0:00:26"]

1. d4 d5 2. Nf3 c6 3. c4 Nf6 4. g3 Bf5 5. Qb3 Qc8 6. Nc3 e6 7. Bg2 Be7 8. Bd2 Nbd7 9. O-O h6 10. Rac1 O-O 11. cxd5 exd5 12. Bf4 Nb6 13. Ne5 Bh3 14. a4 Bxg2 15. Kxg2 Nbd7 16. Nd3 a5 17. Rfe1 Re8 18. f3 Nf8 19. e4 dxe4 20. fxe4 Ne6 21. Be3 Ng4 22. Bg1 Ng5 23. Nf4 Bb4 24. e5 h5 25. Rf1 h4 26. gxh4 Ne6 27. Rce1 Nh6 28. Nh5 Nxd4 29. Bxd4 Qg4+ 30. Ng3 Qxd4 31. Re4 Qd7 32. Ref4 Rxe5 33. Nce4 Rae8 34. Ng5 R8e7 35. Qf3 Qd5 36. Qxd5 Rxd5 37. N3e4 f6 38. Nf3 Nf5 39. Rf2 Ne3+ 40. Kg3 f5 41. Neg5 Bd6 0-1


[Site "https://www.chess.com"]

[Event "Titled Tuesday Blitz November 2 2021"]
[White "Bluebaum, Matthias"]
[Black "Pinheiro, Iung Alicio de O."]
[WhiteFideId "24651516"]
[BlackFideId "2104350"]
[WhiteElo "2681"]
[BlackElo "2573"]
[Result "1-0"]
[Round "02"]
[TimeControl "180+1"]
[Date "2021.11.02"]
[WhiteClock "0:01:40"]
[BlackClock "0:00:06"]

1. d4 f5 2. Nf3 g6 3. c4 Bg7 4. e3 Nf6 5. b4 d6 6. Bb2 O-O 7. Be2 Qe8 8. O-O h6 9. Qb3 Kh8 10. c5 g5 11. Nc3 Ne4 12. Nxe4 fxe4 13. Nd2 Bf5 14. b5 Nd7 15. Rac1 g4 16. Qd5 Rb8 17. cxd6 cxd6 18. Rc7 Nb6 19. Qb3 d5 20. a4 e6 21. a5 Nd7 22. b6 axb6 23. axb6 Nf6 24. Ba3 Rg8 25. Bd6 h5 26. Bg3 Nh7 27. Ra1 Bf6 28. Ra7 h4 29. Bf4 g3 30. fxg3 hxg3 31. hxg3 e5 32. dxe5 Bxe5 33. Qxd5 Bxf4 34. gxf4 Qg6 35. Bf1 Rbd8 36. Qe5+ Nf6 37. Raxb7 Rge8 38. Rh7+ Kg8 39. Rbg7+ Qxg7 40. Rxg7+ Kxg7 41. Qxf5 Rxd2 42. b7 Rb2 43. Qc8 Kf8 44. g4 Nd5 45. Qf5+ 1-0


[Site "https://www.chess.com"]

[Event "Titled Tuesday Blitz November 2 2021"]
[White "Bortnyk, Olexandr"]
[Black "Palchuk, Andrii"]
[WhiteFideId "14120828"]
[BlackFideId "14176688"]
[WhiteElo "2723"]
[BlackElo "2322"]
[Result "1-0"]
[Round "02"]
[TimeControl "180+1"]
[Date "2021.11.02"]
[WhiteClock "0:01:54"]
[BlackClock "0:00:06"]

1. e4 e5 2. d4 exd4 3. Nf3 Nc6 4. c3 d3 5. Bxd3 g6 6. h4 Bg7 7. h5 Qe7 8. h6 Bf8 9. Bg5 f6 10. Be3 d6 11. Nbd2 Be6 12. Nd4 Ne5 13. Be2 Bd7 14. Qb3 O-O-O 15. Nb5 Bxb5 16. Qxb5 a6 17. Qb3 g5 18. O-O-O Nxh6 19. Nc4 Nhf7 20. Na5 c6 21. g3 Re8 22. f4 gxf4 23. gxf4 Ng6 24. Bg4+ Kc7 25. Qb6+ Kb8 26. Nxc6+ 1-0


[Site "https://www.chess.com"]

[Event "Titled Tuesday Blitz November 2 2021"]
[White "Cunjalo, Faris"]
[Black "Odinaev, Timur"]
[WhiteFideId "14410710"]
[BlackFideId "4163770"]
[WhiteElo "2234"]
[BlackElo "2306"]
[Result "1-0"]
[Round "02"]
[TimeControl "180+1"]
[Date "2021.11.02"]
[WhiteClock "0:00:54"]
[BlackClock "0:00:13"]

1. f4 d5 2. Nf3 Nf6 3. g3 Bg4 4. Bg2 Bxf3 5. Bxf3 Nbd7 6. d4 c6 7. e3 e6 8. O-O Bd6 9. Nd2 Qe7 10. g4 h5 11. g5 Ng4 12. Bxg4 hxg4 13. Qxg4 O-O-O 14. Nf3 Kb8 15. Bd2 f5 16. Qg2 Rh5 17. h4 Rdh8 18. Be1 Nf8 19. Bg3 Ng6 20. Rac1 Qc7 21. c4 Qa5 22. a3 Qa4 23. Qc2 Qxc2 24. Rxc2 dxc4 25. Rxc4 Ne7 26. Rd1 Nd5 27. Rd3 Ne7 28. Rc2 Nd5 29. Kg2 Bc7 30. Rc1 Bd6 31. Nd2 Bc7 32. Rb3 a5 33. Bf2 a4 34. Rd3 Ba5 35. Nf3 Bc7 36. Rdd1 Ne7 37. Kf1 Bd6 38. Ke2 Nd5 39. Rg1 Kc7 40. Be1 Kd7 41. Kd3 b5 42. Bd2 Rb8 43. Rge1 b4 44. axb4 Nxb4+ 45. Bxb4 Rxb4 46. Re2 Rh8 47. Rc4 Rb3+ 48. Rc3 Rb4 49. Rec2 Rc8 50. Nd2 g6 51. Nc4 Bb8 52. Rh2 Rh8 53. Ra3 Bc7 54. Rh1 Rhb8 55. h5 Rb3+ 56. Rxb3 Rxb3+ 57. Kc2 gxh5 58. Rxh5 Rb4 59. Rh7+ Kd8 60. g6 Rxc4+ 61. Kd3 1-0


[Site "https://www.chess.com"]